Nashville Predators vs St.Louis Blues
Created - Wednesday, June 12, 2024 at 06:32
Goals
|
| Nashville Predators |
0 |
1 |
2 |
0 |
3 |
| St.Louis Blues |
0 |
1 |
2 |
1 |
4 |
|
Shots
|
| Nashville Predators |
9 |
5 |
10 |
5 |
29 |
| St.Louis Blues |
15 |
10 |
9 |
1 |
35 |
|
1st period
No Goal
Penalties :
Patrick Maroon (NSH) for Cross-checking (Minor) at 13:59
2nd period
1. Nashville Predators , Corey Perry 1 (Justin Braun 1, Sam Gagner 1) at 5:14
2. St.Louis Blues , Jack Eichel 4 (Jake Guentzel 4, Mark Stone 2) at 8:43
Penalties :
Patrick Maroon (NSH) for Tripping (Minor) at 2:16, Kevin Labanc (NSH) for Cross-checking (Minor) at 9:46
3rd period
3. St.Louis Blues , Mark Stone 2 (Jake Guentzel 5, Jack Eichel 2) at 2:58
4. Nashville Predators , Alex Newhook 2 (Corey Perry 2) at 12:41
5. Nashville Predators , Sam Gagner 2 (Ethan Bear 2) at 13:05
6. St.Louis Blues , Mikhail Sergachev 1 (Elias Pettersson 2, Robert Thomas 3) at 19:14 (PP)
Penalties :
Jake Guentzel (STL) for Roughing (Minor) at 16:15, Corey Perry (NSH) for Hooking (Minor) at 19:05
Overtime #1
7. St.Louis Blues , Jake Guentzel 1 (Jack Eichel 3, Elias Pettersson 3) at 1:53
Penalties :
No Penalty
Goalie Stats
Adin Hill (NSH), 31 saves from 35 shots - (0.886), OTL, 1-3-1, 61:53 minutes
Connor Hellebuyck (STL), 26 saves from 29 shots - (0.897), W, 4-1-0, 61:09 minutes
Players Stats for Nashville Predators
Player Name G A P +/- PIM S H SB GA TA FO MP PP MP PK MP
------------------------------------------------------------------------------------
Alex Newhook 1 0 1 1 0 2 2 0 0 1 0/0 16:08 0:52 2:43
Alexander Alexeyev 0 0 0 3 0 0 4 0 0 2 0/0 19:40 0:56 0:11
Brett Leason 0 0 0 -2 0 1 0 0 2 0 0/0 11:08 0:00 0:00
Corey Perry 1 1 2 2 2 1 1 1 0 0 0/7 12:35 0:00 0:00
Ethan Bear 0 1 1 0 0 0 1 1 2 1 0/0 23:28 0:56 2:48
Jacob Peterson 0 0 0 0 0 4 1 0 0 0 0/0 18:43 1:07 3:05
Jakub Voracek 0 0 0 0 0 2 2 0 0 0 1/2 15:38 1:07 0:00
Justin Braun 0 1 1 3 0 1 0 0 0 0 0/0 17:53 0:00 0:11
Kevin Labanc 0 0 0 0 2 3 2 1 0 0 0/0 15:22 0:00 0:11
Markus Niemelainen 0 0 0 -3 0 0 1 2 0 2 0/0 20:32 1:03 3:07
Morgan Frost 0 0 0 0 0 3 2 0 1 0 4/16 18:45 0:52 2:43
Nate Schmidt 0 0 0 0 0 1 2 3 0 0 0/0 22:44 1:03 2:48
Oliver Kylington 0 0 0 -3 0 0 0 1 0 0 0/0 19:29 0:00 3:07
Patrick Maroon 0 0 0 -2 4 3 1 0 1 0 2/4 12:18 0:00 0:07
Ryan Carpenter 0 0 0 -2 0 2 2 0 1 0 0/0 11:29 0:00 0:00
Sam Gagner 1 1 2 1 0 5 0 0 0 0 0/1 16:25 0:52 0:18
Thomas Novak 0 0 0 0 0 1 1 0 0 0 10/21 18:43 1:07 3:05
Zemgus Girgensons 0 0 0 2 0 0 0 0 0 1 0/2 12:15 0:00 0:00
Players Stats for St.Louis Blues
Player Name G A P +/- PIM S H SB GA TA FO MP PP MP PK MP
------------------------------------------------------------------------------------
Adam Pelech 0 0 0 0 0 0 1 1 0 1 0/0 13:09 0:00 1:03
Alex Pietrangelo 0 0 0 -1 0 0 0 2 0 2 0/0 25:20 2:16 0:00
Alex Tuch 0 0 0 -2 0 3 1 0 1 0 0/0 13:13 2:16 0:00
Andrew Copp 0 0 0 0 0 3 2 0 2 0 0/0 10:30 0:01 1:02
Colton Parayko 0 0 0 -1 0 0 1 0 0 0 0/0 23:24 0:00 0:56
Elias Pettersson 0 2 2 0 0 3 0 0 0 0 2/2 21:10 3:30 0:00
Evander Kane 0 0 0 -2 0 1 2 0 0 0 0/0 13:25 2:36 0:00
Jack Eichel 1 2 3 2 0 5 2 0 1 0 8/11 18:20 2:35 0:00
Jake Guentzel 1 2 3 2 2 4 2 1 1 0 0/0 18:59 3:07 0:00
Jake Sanderson 0 0 0 1 0 1 1 0 0 0 0/0 19:12 0:00 0:56
Lawson Crouse 0 0 0 0 0 5 0 0 0 2 0/0 10:53 0:24 1:02
Mark Stone 1 1 2 2 0 1 0 0 0 1 0/0 18:20 2:35 0:00
Mikhail Sergachev 1 0 1 1 0 2 1 1 0 1 0/0 23:03 3:50 0:00
Nick Leddy 0 0 0 0 0 0 0 1 0 0 0/0 13:09 0:00 1:03
Nico Sturm 0 0 0 0 0 2 2 0 0 0 5/6 10:14 0:00 0:57
Robert Thomas 0 1 1 0 0 4 1 0 1 0 16/28 21:20 3:30 0:00
Tage Thompson 0 0 0 0 0 0 1 0 1 0 1/1 21:51 3:50 0:00
Yanni Gourde 0 0 0 -2 0 1 1 0 0 0 4/5 11:53 0:00 0:57
3 Stars
1 - Jack Eichel (STL)
2 - Jake Guentzel (STL)
3 - Mark Stone (STL)
Power Play
Nashville Predators - 0 on 1 Attempt(s) - 0.00%
St.Louis Blues - 1 on 4 Attempt(s) - 25.00%
Penalty Kill
Nashville Predators - 3 on 4 Attempt(s) - 75.00%
- Score 0 goal in Penalty Kill
St.Louis Blues - 1 on 1 Attempt(s) - 100.00%
- Score 0 goal in Penalty Kill
Team Stat
Nashville Predators - Hits : 22 - Faceoff Wins : 17 - Blocked Shots : 9 - Penalty Minutes : 8
St.Louis Blues - Hits : 18 - Faceoff Wins : 36 - Blocked Shots : 6 - Penalty Minutes : 2
Official
Referees : TJ Luxmore and Gord Dwyer
Linesman : Mike Cvik and David Brisebois
Game Notes
No Game Note
Finance
Level 1 -- Attendance: 6000 (100.00%) -- Ticket Income $582,000
Level 2 -- Attendance: 4696 (93.92%) -- Ticket Income $267,672
Level 3 -- Attendance: 2673 (89.10%) -- Ticket Income $90,882
Level 4 -- Attendance: 5000 (100.00%) -- Ticket Income $115,000
Luxury Box -- Attendance: 1000 (100.00%) -- Ticket Income $194,000
Game was played at the Scottrade Center.
Total Attendance: 19369 (96.85%)
Total Ticket Income: $1,249,554
Other Income: $437,344
Total Income: $1,686,898
Nashville Predators
5 vs 5 Forward
Center Left Wing Right Wing Time % Phy DF OF
1 Thomas Novak Jacob Peterson Jakub Voracek 30 1 2 2
2 Morgan Frost Kevin Labanc Sam Gagner 30 1 2 2
3 Corey Perry Alex Newhook Zemgus Girgensons 25 1 2 2
4 Patrick Maroon Ryan Carpenter Brett Leason 15 1 2 2
5 vs 5 Defense
Defense Defense Time % Phy DF OF
1 Ethan Bear Nate Schmidt 35 1 2 2
2 Justin Braun Alexander Alexeyev 35 1 2 2
3 Markus Niemelainen Oliver Kylington 30 1 2 2
4 Ethan Bear Nate Schmidt 0 1 2 2
PowerPlay Forward
Center Left Wing Right Wing Time % Phy DF OF
1 Thomas Novak Jacob Peterson Jakub Voracek 50 1 2 2
2 Morgan Frost Alex Newhook Sam Gagner 50 1 2 2
PowerPlay Defense
Defense Defense Time % Phy DF OF
1 Nate Schmidt Markus Niemelainen 50 1 2 2
2 Ethan Bear Alexander Alexeyev 50 1 2 2
Penalty Kill 4 Players Forward
Center Wing Time % Phy DF OF
1 Thomas Novak Jacob Peterson 50 1 2 2
2 Morgan Frost Alex Newhook 50 1 2 2
Penalty Kill 4 Players Defense
Defense Defense Time % Phy DF OF
1 Ethan Bear Nate Schmidt 50 1 2 2
2 Markus Niemelainen Oliver Kylington 50 1 2 2
Penalty Kill - 3 Players Forward
Forward Time % Phy DF OF
1 Jacob Peterson 50 1 2 2
2 Morgan Frost 50 1 2 2
Penalty Kill - 3 Players Defense
Defense Defense Time % Phy DF OF
1 Ethan Bear Nate Schmidt 50 1 2 2
2 Justin Braun Markus Niemelainen 50 1 2 2
4 vs 4 Forward
Center Wing Time % Phy DF OF
1 Thomas Novak Jacob Peterson 50 1 2 2
2 Morgan Frost Sam Gagner 50 1 2 2
4 vs 4 Defense
Defense Defense Time % Phy DF OF
1 Markus Niemelainen Nate Schmidt 50 1 2 2
2 Ethan Bear Justin Braun 50 1 2 2
Last Minutes Offensive
Center Left Wing Right Wing Defense Defense
Thomas Novak Jacob Peterson Kevin Labanc Nate Schmidt Ethan Bear
Last Minutes Defensive
Center Left Wing Right Wing Defense Defense
Morgan Frost Corey Perry Ryan Carpenter Ethan Bear Nate Schmidt
Goaltenders
Starting : Adin Hill
Backup : Kevin Lankinen
Extra Forwards
Normal : Thomas Novak, Sam Gagner, Morgan Frost - PP : Sam Gagner, Alex Newhook - PK : Morgan Frost
Extra Defensemen
Normal : Ethan Bear, Markus Niemelainen, Nate Schmidt - PP : Markus Niemelainen - PK : Nate Schmidt, Markus Niemelainen
Penalty Shots
Jacob Peterson, Jakub Voracek, Kevin Labanc, Morgan Frost, Thomas Novak
St.Louis Blues
5 vs 5 Forward
Center Left Wing Right Wing Time % Phy DF OF
1 Robert Thomas Elias Pettersson Tage Thompson 40 0 2 3
2 Jack Eichel Jake Guentzel Mark Stone 30 0 2 3
3 Yanni Gourde Alex Tuch Evander Kane 20 1 2 2
4 Nico Sturm Andrew Copp Lawson Crouse 10 1 3 1
5 vs 5 Defense
Defense Defense Time % Phy DF OF
1 Colton Parayko Alex Pietrangelo 45 1 2 2
2 Jake Sanderson Mikhail Sergachev 35 1 2 2
3 Nick Leddy Adam Pelech 20 1 2 2
4 Alex Pietrangelo Mikhail Sergachev 0 1 2 2
PowerPlay Forward
Center Left Wing Right Wing Time % Phy DF OF
1 Robert Thomas Elias Pettersson Jake Guentzel 60 1 0 4
2 Jack Eichel Evander Kane Mark Stone 40 1 0 4
PowerPlay Defense
Defense Defense Time % Phy DF OF
1 Tage Thompson Mikhail Sergachev 60 0 1 4
2 Alex Tuch Alex Pietrangelo 40 0 1 4
Penalty Kill 4 Players Forward
Center Wing Time % Phy DF OF
1 Nico Sturm Yanni Gourde 50 1 4 0
2 Andrew Copp Lawson Crouse 50 1 4 0
Penalty Kill 4 Players Defense
Defense Defense Time % Phy DF OF
1 Jake Sanderson Colton Parayko 50 1 4 0
2 Nick Leddy Adam Pelech 50 1 4 0
Penalty Kill - 3 Players Forward
Forward Time % Phy DF OF
1 Nico Sturm 50 0 5 0
2 Yanni Gourde 50 0 5 0
Penalty Kill - 3 Players Defense
Defense Defense Time % Phy DF OF
1 Jake Sanderson Colton Parayko 50 0 5 0
2 Adam Pelech Nick Leddy 50 0 5 0
4 vs 4 Forward
Center Wing Time % Phy DF OF
1 Robert Thomas Elias Pettersson 50 0 2 3
2 Jack Eichel Mark Stone 50 0 2 3
4 vs 4 Defense
Defense Defense Time % Phy DF OF
1 Alex Pietrangelo Colton Parayko 50 1 2 2
2 Mikhail Sergachev Jake Sanderson 50 1 2 2
Last Minutes Offensive
Center Left Wing Right Wing Defense Defense
Robert Thomas Elias Pettersson Tage Thompson Jack Eichel Mikhail Sergachev
Last Minutes Defensive
Center Left Wing Right Wing Defense Defense
Nico Sturm Yanni Gourde Lawson Crouse Alex Pietrangelo Colton Parayko
Goaltenders
Starting : Connor Hellebuyck
Backup : Scott Wedgewood
Extra Forwards
Normal : Jack Eichel, Elias Pettersson, Lawson Crouse - PP : Jack Eichel, Elias Pettersson - PK : Elias Pettersson
Extra Defensemen
Normal : Jake Sanderson, Mikhail Sergachev, Colton Parayko - PP : Nick Leddy - PK : Jake Sanderson, Colton Parayko
Penalty Shots
Elias Pettersson, Tage Thompson, Jack Eichel, Alex Tuch, Robert Thomas
% Time on Ice - Nashville Predators
Lines # - Real PCT - Wanted PCT - Time Play
Normal Forward
1 - 27% - 30% - 14:31
2 - 29% - 30% - 15:33
3 - 23% - 25% - 12:15
4 - 21% - 15% - 11:08
Normal Defense
1 - 35% - 35% - 18:54
2 - 35% - 35% - 18:57
3 - 29% - 30% - 15:36
4 - 0% - 0% - 0:00
PP Forward
1 - 56% - 50% - 1:07
2 - 44% - 50% - 0:52
PP Defense
1 - 53% - 50% - 1:03
2 - 47% - 50% - 0:56
PK Forward
1 - 51% - 50% - 3:05
2 - 49% - 50% - 3:01
PK Defense
1 - 49% - 50% - 2:59
2 - 51% - 50% - 3:07
PK3 Forward
1 - 0% - 50%
2 - 0% - 50%
PK3 Defense
1 - 0% - 50%
2 - 0% - 50%
44 Forward
1 - 0% - 50%
2 - 0% - 50%
44 Defense
1 - 0% - 50%
2 - 0% - 50%
Last Minute Offensive - 0:00
Last Minute Defensive - 0:21
Total
Forward - 61:53
Defense - 61:53
|
% Time on Ice - St.Louis Blues
Lines # - Real PCT - Wanted PCT - Time Play
Normal Forward
1 - 33% - 40% - 17:40
2 - 30% - 30% - 15:55
3 - 20% - 20% - 10:56
4 - 17% - 10% - 9:17
Normal Defense
1 - 42% - 45% - 22:50
2 - 34% - 35% - 18:09
3 - 22% - 20% - 12:06
4 - 1% - 0% - 0:43
PP Forward
1 - 57% - 60% - 3:30
2 - 43% - 40% - 2:36
PP Defense
1 - 63% - 60% - 3:50
2 - 37% - 40% - 2:16
PK Forward
1 - 48% - 50% - 0:57
2 - 52% - 50% - 1:02
PK Defense
1 - 47% - 50% - 0:56
2 - 53% - 50% - 1:03
PK3 Forward
1 - 0% - 50%
2 - 0% - 50%
PK3 Defense
1 - 0% - 50%
2 - 0% - 50%
44 Forward
1 - 0% - 50%
2 - 0% - 50%
44 Defense
1 - 0% - 50%
2 - 0% - 50%
Last Minute Offensive - 0:00
Last Minute Defensive - 0:00
Total
Forward - 61:53
Defense - 61:53
|
Play-by-Play
1st period
0:01 of 1st period - Robert Thomas wins face-off versus Thomas Novak in neutral zone.
0:28 of 1st period - Wrist shot by Morgan Frost.
0:28 of 1st period - Stopped by Connor Hellebuyck without a rebound.
0:29 of 1st period - Morgan Frost wins face-off versus Jack Eichel in St.Louis Blues zone.
0:54 of 1st period - Justin Braun is hit by Evander Kane and loses puck.
1:20 of 1st period - Snap shot by Elias Pettersson.
1:20 of 1st period - Shot Misses the Net.
1:24 of 1st period - Wrist shot by Elias Pettersson.
1:24 of 1st period - Shot Misses the Net.
2:19 of 1st period - Off-side.
2:20 of 1st period - Yanni Gourde wins face-off versus Zemgus Girgensons in neutral zone.
3:26 of 1st period - Lawson Crouse is hit by Ryan Carpenter and loses puck.
3:47 of 1st period - Jake Sanderson is hit by Jakub Voracek and loses puck.
3:52 of 1st period - Wrist shot by Jacob Peterson.
3:52 of 1st period - Shot Misses the Net.
3:54 of 1st period - Slapshot by Justin Braun.
3:54 of 1st period - Deflect By Jacob Peterson.
3:54 of 1st period - Shot Misses the Net.
3:54 of 1st period - Puck is out of play.
3:55 of 1st period - Robert Thomas wins face-off versus Corey Perry in St.Louis Blues zone.
4:50 of 1st period - Mikhail Sergachev is hit by Alexander Alexeyev and loses puck.
5:05 of 1st period - Ryan Carpenter is hit by Jake Guentzel.
6:26 of 1st period - Slapshot by Brett Leason.
6:26 of 1st period - Stopped by Connor Hellebuyck without a rebound.
6:27 of 1st period - Yanni Gourde wins face-off versus Patrick Maroon in St.Louis Blues zone.
6:59 of 1st period - Backhand shot by Ryan Carpenter.
6:59 of 1st period - Stopped by Connor Hellebuyck with a rebound.
7:09 of 1st period - Slapshot by Patrick Maroon.
7:09 of 1st period - Shot Misses the Net.
7:11 of 1st period - Slapshot by Justin Braun.
7:11 of 1st period - Shot Blocked by Nick Leddy.
7:13 of 1st period - Snap shot by Brett Leason.
7:13 of 1st period - Deflect By Ryan Carpenter.
7:13 of 1st period - Shot Misses the Net.
7:13 of 1st period - Puck is out of play.
7:14 of 1st period - Jakub Voracek wins face-off versus Robert Thomas in St.Louis Blues zone.
7:41 of 1st period - Nate Schmidt is hit by Colton Parayko and loses puck.
8:23 of 1st period - Nico Sturm is hit by Markus Niemelainen and loses puck.
8:50 of 1st period - Alexander Alexeyev is hit by Robert Thomas and loses puck.
8:55 of 1st period - Slapshot by Robert Thomas.
8:55 of 1st period - Shot Misses the Net.
8:57 of 1st period - Slapshot by Jake Sanderson.
8:57 of 1st period - Stopped by Adin Hill with a rebound.
9:11 of 1st period - Snap shot by Alex Newhook.
9:11 of 1st period - Stopped by Connor Hellebuyck without a rebound.
9:12 of 1st period - Jack Eichel wins face-off versus Corey Perry in St.Louis Blues zone.
9:23 of 1st period - Wrist shot by Jack Eichel.
9:23 of 1st period - Stopped by Adin Hill with a rebound.
9:25 of 1st period - Snap shot by Mark Stone.
9:25 of 1st period - Shot Misses the Net.
9:27 of 1st period - Slapshot by Jack Eichel.
9:27 of 1st period - Stopped by Adin Hill with a rebound.
9:29 of 1st period - Wrist shot by Jack Eichel.
9:29 of 1st period - Stopped by Adin Hill without a rebound.
9:30 of 1st period - Robert Thomas wins face-off versus Sam Gagner in Nashville Predators zone.
9:59 of 1st period - Off-side.
10:00 of 1st period - Thomas Novak wins face-off versus Jack Eichel in neutral zone.
10:05 of 1st period - Jake Sanderson is hit by Alexander Alexeyev and loses puck.
10:24 of 1st period - Wrist shot by Jake Guentzel.
10:24 of 1st period - Shot Misses the Net.
10:30 of 1st period - Snap shot by Jake Guentzel.
10:30 of 1st period - Stopped by Adin Hill without a rebound.
10:31 of 1st period - Robert Thomas wins face-off versus Morgan Frost in Nashville Predators zone.
10:48 of 1st period - Wrist shot by Robert Thomas.
10:48 of 1st period - Stopped by Adin Hill with a rebound.
11:00 of 1st period - Snap shot by Lawson Crouse.
11:00 of 1st period - Stopped by Adin Hill without a rebound.
11:01 of 1st period - Nico Sturm wins face-off versus Corey Perry in Nashville Predators zone.
11:02 of 1st period - Snap shot by Lawson Crouse.
11:02 of 1st period - Stopped by Adin Hill with a rebound.
11:04 of 1st period - Wrist shot by Nico Sturm.
11:04 of 1st period - Stopped by Adin Hill with a rebound.
11:08 of 1st period - Slapshot by Lawson Crouse.
11:08 of 1st period - Shot Blocked by Corey Perry.
11:10 of 1st period - Snap shot by Andrew Copp.
11:10 of 1st period - Stopped by Adin Hill with a rebound.
11:14 of 1st period - Wrist shot by Lawson Crouse.
11:14 of 1st period - Shot Misses the Net.
11:16 of 1st period - Snap shot by Lawson Crouse.
11:16 of 1st period - Stopped by Adin Hill with a rebound.
11:26 of 1st period - Thomas Novak is hit by Jake Sanderson and loses puck.
11:35 of 1st period - Snap shot by Jakub Voracek.
11:35 of 1st period - Stopped by Connor Hellebuyck without a rebound.
11:36 of 1st period - Jack Eichel wins face-off versus Morgan Frost in St.Louis Blues zone.
12:05 of 1st period - Off-side.
12:06 of 1st period - Elias Pettersson wins face-off versus Thomas Novak in neutral zone.
12:09 of 1st period - Wrist shot by Robert Thomas.
12:09 of 1st period - Deflect By Tage Thompson.
12:09 of 1st period - Shot Misses the Net.
12:09 of 1st period - Puck is out of play.
12:10 of 1st period - Thomas Novak wins face-off versus Robert Thomas in Nashville Predators zone.
12:17 of 1st period - Backhand shot by Jakub Voracek.
12:17 of 1st period - Stopped by Connor Hellebuyck with a rebound.
13:03 of 1st period - Wrist shot by Morgan Frost.
13:03 of 1st period - Shot Misses the Net.
13:11 of 1st period - Snap shot by Jake Guentzel.
13:11 of 1st period - Shot Hit the Post.
13:13 of 1st period - Wrist shot by Jack Eichel.
13:13 of 1st period - Shot Blocked by Nate Schmidt.
13:43 of 1st period - Ethan Bear is hit by Andrew Copp.
13:49 of 1st period - Slapshot by Lawson Crouse.
13:49 of 1st period - Stopped by Adin Hill with a rebound.
13:51 of 1st period - Snap shot by Jake Sanderson.
13:51 of 1st period - Shot Blocked by Nate Schmidt.
13:53 of 1st period - Slapshot by Mikhail Sergachev.
13:53 of 1st period - Shot Blocked by Ethan Bear.
13:59 of 1st period - Minor Penalty to Patrick Maroon for Cross-checking.
14:00 of 1st period - Robert Thomas wins face-off versus Thomas Novak in Nashville Predators zone.
14:13 of 1st period - Wrist shot by Elias Pettersson.
14:13 of 1st period - Stopped by Adin Hill with a rebound.
15:55 of 1st period - Snap shot by Kevin Labanc.
15:55 of 1st period - Shot Misses the Net.
15:57 of 1st period - Snap shot by Kevin Labanc.
15:57 of 1st period - Stopped by Connor Hellebuyck with a rebound.
15:59 of 1st period - Penalty to Patrick Maroon is over, Patrick Maroon is back on ice.
15:59 of 1st period - Slapshot by Kevin Labanc.
15:59 of 1st period - Deflect By Sam Gagner.
15:59 of 1st period - Shot Blocked by Jake Guentzel.
15:59 of 1st period - Puck is out of play.
16:00 of 1st period - Patrick Maroon wins face-off versus Nico Sturm in St.Louis Blues zone.
16:13 of 1st period - Snap shot by Ryan Carpenter.
16:13 of 1st period - Shot Misses the Net.
17:00 of 1st period - Slapshot by Jacob Peterson.
17:00 of 1st period - Shot Misses the Net.
17:51 of 1st period - Alex Newhook is hit by Nico Sturm and loses puck.
18:06 of 1st period - Nate Schmidt is hit by Alex Tuch and loses puck.
18:20 of 1st period - Off-side.
18:21 of 1st period - Morgan Frost wins face-off versus Robert Thomas in neutral zone.
18:24 of 1st period - Backhand shot by Morgan Frost.
18:24 of 1st period - Stopped by Connor Hellebuyck without a rebound.
18:25 of 1st period - Robert Thomas wins face-off versus Morgan Frost in St.Louis Blues zone.
18:38 of 1st period - Slapshot by Robert Thomas.
18:38 of 1st period - Stopped by Adin Hill with a rebound.
19:15 of 1st period - Snap shot by Robert Thomas.
19:15 of 1st period - Stopped by Adin Hill with a rebound.
19:33 of 1st period - Slapshot by Kevin Labanc.
19:33 of 1st period - Stopped by Connor Hellebuyck with a rebound.
Goals for this period are 0 for Nashville Predators vs 0 for St.Louis Blues.
Shots for this period are 9 for Nashville Predators vs 15 for St.Louis Blues.
2nd period
0:01 of 2nd period - Thomas Novak wins face-off versus Robert Thomas in neutral zone.
0:41 of 2nd period - Snap shot by Jacob Peterson.
0:41 of 2nd period - Stopped by Connor Hellebuyck without a rebound.
0:42 of 2nd period - Jack Eichel wins face-off versus Zemgus Girgensons in St.Louis Blues zone.
1:44 of 2nd period - Snap shot by Evander Kane.
1:44 of 2nd period - Shot Misses the Net.
1:46 of 2nd period - Wrist shot by Yanni Gourde.
1:46 of 2nd period - Shot Misses the Net.
1:48 of 2nd period - Slapshot by Colton Parayko.
1:48 of 2nd period - Deflect By Alex Tuch.
1:48 of 2nd period - Stopped by Adin Hill with a rebound.
2:04 of 2nd period - Snap shot by Nico Sturm.
2:04 of 2nd period - Shot Misses the Net.
2:06 of 2nd period - Wrist shot by Lawson Crouse.
2:06 of 2nd period - Stopped by Adin Hill with a rebound.
2:08 of 2nd period - Slapshot by Nico Sturm.
2:08 of 2nd period - Stopped by Adin Hill with a rebound.
2:10 of 2nd period - Snap shot by Nico Sturm.
2:10 of 2nd period - Shot Misses the Net.
2:16 of 2nd period - Minor Penalty to Patrick Maroon for Tripping.
2:17 of 2nd period - Robert Thomas wins face-off versus Thomas Novak in Nashville Predators zone.
3:58 of 2nd period - Thomas Novak is hit by Tage Thompson and loses puck.
4:16 of 2nd period - Penalty to Patrick Maroon is over, Patrick Maroon is back on ice.
4:41 of 2nd period - Nate Schmidt is hit by Adam Pelech and loses puck.
5:00 of 2nd period - Slapshot by Sam Gagner.
5:00 of 2nd period - Stopped by Connor Hellebuyck without a rebound.
5:01 of 2nd period - Yanni Gourde wins face-off versus Corey Perry in St.Louis Blues zone.
5:10 of 2nd period - Wrist shot by Sam Gagner.
5:10 of 2nd period - Deflect By Alex Tuch.
5:10 of 2nd period - Stopped by Connor Hellebuyck with a rebound.
5:12 of 2nd period - Slapshot by Justin Braun.
5:12 of 2nd period - Stopped by Connor Hellebuyck with a rebound.
5:14 of 2nd period - Snap shot by Corey Perry.
5:14 of 2nd period - Goal by Corey Perry - Nashville Predators : 1 - St.Louis Blues : 0.
5:15 of 2nd period - Thomas Novak wins face-off versus Jack Eichel in neutral zone.
5:30 of 2nd period - Snap shot by Jakub Voracek.
5:30 of 2nd period - Shot Misses the Net.
6:02 of 2nd period - Alex Pietrangelo is hit by Morgan Frost and loses puck.
6:30 of 2nd period - Wrist shot by Thomas Novak.
6:30 of 2nd period - Shot Misses the Net.
6:32 of 2nd period - Slapshot by Thomas Novak.
6:32 of 2nd period - Shot Blocked by Alex Pietrangelo.
6:45 of 2nd period - Icing by Jake Guentzel.
6:46 of 2nd period - Jack Eichel wins face-off versus Patrick Maroon in St.Louis Blues zone.
6:57 of 2nd period - Brett Leason is hit by Jack Eichel and loses puck.
7:20 of 2nd period - Snap shot by Jake Guentzel.
7:20 of 2nd period - Deflect By Jack Eichel.
7:20 of 2nd period - Stopped by Adin Hill with a rebound.
7:22 of 2nd period - Snap shot by Colton Parayko.
7:22 of 2nd period - Shot Blocked by Markus Niemelainen.
7:24 of 2nd period - Snap shot by Jack Eichel.
7:24 of 2nd period - Shot Blocked by Oliver Kylington.
8:43 of 2nd period - Snap shot by Jack Eichel.
8:43 of 2nd period - Goal by Jack Eichel - Nashville Predators : 1 - St.Louis Blues : 1.
8:44 of 2nd period - Robert Thomas wins face-off versus Thomas Novak in neutral zone.
8:57 of 2nd period - Wrist shot by Elias Pettersson.
8:57 of 2nd period - Shot Misses the Net.
9:09 of 2nd period - Mikhail Sergachev is hit by Corey Perry and loses puck.
9:46 of 2nd period - Minor Penalty to Kevin Labanc for Cross-checking.
9:47 of 2nd period - Robert Thomas wins face-off versus Morgan Frost in Nashville Predators zone.
9:50 of 2nd period - Snap shot by Jake Guentzel.
9:50 of 2nd period - Stopped by Adin Hill without a rebound.
9:51 of 2nd period - Robert Thomas wins face-off versus Morgan Frost in Nashville Predators zone.
10:10 of 2nd period - Snap shot by Jacob Peterson.
10:10 of 2nd period - Shot Misses the Net.
11:46 of 2nd period - Penalty to Kevin Labanc is over, Kevin Labanc is back on ice.
12:13 of 2nd period - Oliver Kylington is hit by Evander Kane and loses puck.
13:05 of 2nd period - Kevin Labanc is hit by Mikhail Sergachev and loses puck.
14:02 of 2nd period - Lawson Crouse is hit by Alex Newhook and loses puck.
14:38 of 2nd period - Mark Stone is hit by Patrick Maroon.
14:57 of 2nd period - Corey Perry is hit by Yanni Gourde and loses puck.
15:52 of 2nd period - Slapshot by Alex Tuch.
15:52 of 2nd period - Stopped by Adin Hill with a rebound.
15:54 of 2nd period - Slapshot by Mikhail Sergachev.
15:54 of 2nd period - Stopped by Adin Hill with a rebound.
15:56 of 2nd period - Wrist shot by Yanni Gourde.
15:56 of 2nd period - Stopped by Adin Hill without a rebound.
15:57 of 2nd period - Thomas Novak wins face-off versus Yanni Gourde in Nashville Predators zone.
16:29 of 2nd period - Off-side.
16:30 of 2nd period - Jack Eichel wins face-off versus Thomas Novak in neutral zone.
17:17 of 2nd period - Off-side.
17:18 of 2nd period - Nico Sturm wins face-off versus Morgan Frost in neutral zone.
17:21 of 2nd period - Snap shot by Andrew Copp.
17:21 of 2nd period - Shot Blocked by Kevin Labanc.
18:44 of 2nd period - Snap shot by Jakub Voracek.
18:44 of 2nd period - Shot Blocked by Adam Pelech.
18:56 of 2nd period - Wrist shot by Jakub Voracek.
18:56 of 2nd period - Shot Misses the Net.
19:45 of 2nd period - Slapshot by Alex Tuch.
19:45 of 2nd period - Stopped by Adin Hill with a rebound.
Goals for this period are 1 for Nashville Predators vs 1 for St.Louis Blues.
Shots for this period are 5 for Nashville Predators vs 10 for St.Louis Blues.
3rd period
0:01 of 3rd period - Thomas Novak wins face-off versus Robert Thomas in neutral zone.
1:00 of 3rd period - Slapshot by Patrick Maroon.
1:00 of 3rd period - Stopped by Connor Hellebuyck with a rebound.
1:36 of 3rd period - Wrist shot by Jacob Peterson.
1:36 of 3rd period - Stopped by Connor Hellebuyck without a rebound.
1:37 of 3rd period - Elias Pettersson wins face-off versus Thomas Novak in St.Louis Blues zone.
2:13 of 3rd period - Slapshot by Evander Kane.
2:13 of 3rd period - Shot Blocked by Nate Schmidt.
2:27 of 3rd period - Lawson Crouse is hit by Kevin Labanc and loses puck.
2:56 of 3rd period - Snap shot by Jake Guentzel.
2:56 of 3rd period - Stopped by Adin Hill with a rebound.
2:58 of 3rd period - Snap shot by Mark Stone.
2:58 of 3rd period - Goal by Mark Stone - Nashville Predators : 1 - St.Louis Blues : 2.
2:59 of 3rd period - Thomas Novak wins face-off versus Robert Thomas in neutral zone.
3:02 of 3rd period - Wrist shot by Jacob Peterson.
3:02 of 3rd period - Stopped by Connor Hellebuyck without a rebound.
3:03 of 3rd period - Tage Thompson wins face-off versus Jakub Voracek in St.Louis Blues zone.
3:32 of 3rd period - Snap shot by Jacob Peterson.
3:32 of 3rd period - Stopped by Connor Hellebuyck without a rebound.
3:33 of 3rd period - Jack Eichel wins face-off versus Corey Perry in St.Louis Blues zone.
3:33 of 3rd period - Jack Eichel is hit by Alexander Alexeyev.
4:06 of 3rd period - Wrist shot by Sam Gagner.
4:06 of 3rd period - Stopped by Connor Hellebuyck with a rebound.
4:24 of 3rd period - Slapshot by Jakub Voracek.
4:24 of 3rd period - Shot Misses the Net.
4:44 of 3rd period - Snap shot by Lawson Crouse.
4:44 of 3rd period - Shot Misses the Net.
4:46 of 3rd period - Wrist shot by Andrew Copp.
4:46 of 3rd period - Deflect By Lawson Crouse.
4:46 of 3rd period - Shot Misses the Net.
4:46 of 3rd period - Puck is out of play.
4:47 of 3rd period - Robert Thomas wins face-off versus Corey Perry in Nashville Predators zone.
4:48 of 3rd period - Snap shot by Tage Thompson.
4:48 of 3rd period - Shot Misses the Net.
5:36 of 3rd period - Thomas Novak is hit by Jack Eichel and loses puck.
5:59 of 3rd period - Wrist shot by Jakub Voracek.
5:59 of 3rd period - Deflect By Jacob Peterson.
5:59 of 3rd period - Shot Misses the Net.
5:59 of 3rd period - Puck is out of play.
6:00 of 3rd period - Robert Thomas wins face-off versus Morgan Frost in St.Louis Blues zone.
6:30 of 3rd period - Wrist shot by Alex Tuch.
6:30 of 3rd period - Shot Misses the Net.
8:01 of 3rd period - Andrew Copp is hit by Ryan Carpenter and loses puck.
8:42 of 3rd period - Snap shot by Mark Stone.
8:42 of 3rd period - Shot Misses the Net.
8:48 of 3rd period - Jack Eichel is hit by Ethan Bear and loses puck.
8:59 of 3rd period - Colton Parayko is hit by Thomas Novak.
9:15 of 3rd period - Alex Pietrangelo is hit by Alex Newhook and loses puck.
9:56 of 3rd period - Off-side.
9:57 of 3rd period - Nico Sturm wins face-off versus Morgan Frost in neutral zone.
10:06 of 3rd period - Slapshot by Andrew Copp.
10:06 of 3rd period - Stopped by Adin Hill with a rebound.
10:08 of 3rd period - Snap shot by Andrew Copp.
10:08 of 3rd period - Stopped by Adin Hill without a rebound.
10:09 of 3rd period - Morgan Frost wins face-off versus Robert Thomas in Nashville Predators zone.
10:19 of 3rd period - Slapshot by Elias Pettersson.
10:19 of 3rd period - Stopped by Adin Hill without a rebound.
10:20 of 3rd period - Robert Thomas wins face-off versus Thomas Novak in Nashville Predators zone.
10:37 of 3rd period - Slapshot by Robert Thomas.
10:37 of 3rd period - Stopped by Adin Hill with a rebound.
10:47 of 3rd period - Sam Gagner is hit by Jake Guentzel and loses puck.
11:53 of 3rd period - Colton Parayko is hit by Jakub Voracek and loses puck.
12:12 of 3rd period - Colton Parayko is hit by Morgan Frost.
12:18 of 3rd period - Colton Parayko is hit by Kevin Labanc and loses puck.
12:37 of 3rd period - Wrist shot by Alex Newhook.
12:37 of 3rd period - Shot Misses the Net.
12:39 of 3rd period - Wrist shot by Alex Newhook.
12:39 of 3rd period - Shot Blocked by Alex Pietrangelo.
12:41 of 3rd period - Slapshot by Alex Newhook.
12:41 of 3rd period - Goal by Alex Newhook - Nashville Predators : 2 - St.Louis Blues : 2.
12:42 of 3rd period - Thomas Novak wins face-off versus Robert Thomas in neutral zone.
13:05 of 3rd period - Snap shot by Sam Gagner.
13:05 of 3rd period - Deflect By Nick Leddy.
13:05 of 3rd period - Goal by Sam Gagner - Nashville Predators : 3 - St.Louis Blues : 2.
13:06 of 3rd period - Morgan Frost wins face-off versus Robert Thomas in neutral zone.
14:01 of 3rd period - Wrist shot by Lawson Crouse.
14:01 of 3rd period - Shot Misses the Net.
14:07 of 3rd period - Mikhail Sergachev is hit by Nate Schmidt and loses puck.
14:20 of 3rd period - Snap shot by Sam Gagner.
14:20 of 3rd period - Stopped by Connor Hellebuyck without a rebound.
14:21 of 3rd period - Robert Thomas wins face-off versus Morgan Frost in St.Louis Blues zone.
14:34 of 3rd period - Wrist shot by Elias Pettersson.
14:34 of 3rd period - Stopped by Adin Hill without a rebound.
14:35 of 3rd period - Thomas Novak wins face-off versus Robert Thomas in Nashville Predators zone.
15:25 of 3rd period - Jake Sanderson is hit by Nate Schmidt and loses puck.
15:48 of 3rd period - Snap shot by Kevin Labanc.
15:48 of 3rd period - Stopped by Connor Hellebuyck without a rebound.
15:49 of 3rd period - Jack Eichel wins face-off versus Morgan Frost in St.Louis Blues zone.
16:15 of 3rd period - Minor Penalty to Jake Guentzel for Roughing.
16:16 of 3rd period - Nico Sturm wins face-off versus Thomas Novak in St.Louis Blues zone.
16:26 of 3rd period - Thomas Novak is hit by Andrew Copp and loses puck.
16:32 of 3rd period - Off-side.
16:33 of 3rd period - Nico Sturm wins face-off versus Morgan Frost in neutral zone.
16:58 of 3rd period - Lawson Crouse is hit by Jacob Peterson and loses puck.
17:27 of 3rd period - Nate Schmidt is hit by Nico Sturm and loses puck.
18:15 of 3rd period - Penalty to Jake Guentzel is over, Jake Guentzel is back on ice.
18:30 of 3rd period - St.Louis Blues, Connor Hellebuyck is pulled from the net.
19:05 of 3rd period - Minor Penalty to Corey Perry for Hooking.
19:06 of 3rd period - Robert Thomas wins face-off versus Thomas Novak in Nashville Predators zone.
19:12 of 3rd period - Wrist shot by Elias Pettersson.
19:12 of 3rd period - Shot Misses the Net.
19:14 of 3rd period - Slapshot by Mikhail Sergachev.
19:14 of 3rd period - Goal by Mikhail Sergachev - Nashville Predators : 3 - St.Louis Blues : 3.
19:14 of 3rd period - Connor Hellebuyck from St.Louis Blues was sent back in the game.
19:15 of 3rd period - Yanni Gourde wins face-off versus Corey Perry in neutral zone.
19:20 of 3rd period - Backhand shot by Evander Kane.
19:20 of 3rd period - Stopped by Adin Hill with a rebound.
19:22 of 3rd period - Snap shot by Colton Parayko.
19:22 of 3rd period - Shot Blocked by Markus Niemelainen.
19:46 of 3rd period - Snap shot by Morgan Frost.
19:46 of 3rd period - Deflect By Jack Eichel.
19:46 of 3rd period - Stopped by Connor Hellebuyck without a rebound.
19:47 of 3rd period - Jack Eichel wins face-off versus Morgan Frost in St.Louis Blues zone.
Goals for this period are 2 for Nashville Predators vs 2 for St.Louis Blues.
Shots for this period are 10 for Nashville Predators vs 9 for St.Louis Blues.
Overtime #1
0:01 of 1st overtime period - Thomas Novak wins face-off versus Robert Thomas in neutral zone.
0:16 of 1st overtime period - Snap shot by Thomas Novak.
0:16 of 1st overtime period - Stopped by Connor Hellebuyck with a rebound.
0:50 of 1st overtime period - Snap shot by Nate Schmidt.
0:50 of 1st overtime period - Stopped by Connor Hellebuyck with a rebound.
0:52 of 1st overtime period - Snap shot by Ryan Carpenter.
0:52 of 1st overtime period - Shot Blocked by Mikhail Sergachev.
0:54 of 1st overtime period - Snap shot by Patrick Maroon.
0:54 of 1st overtime period - Stopped by Connor Hellebuyck without a rebound.
0:55 of 1st overtime period - Patrick Maroon wins face-off versus Robert Thomas in St.Louis Blues zone.
0:58 of 1st overtime period - Snap shot by Patrick Maroon.
0:58 of 1st overtime period - Stopped by Connor Hellebuyck with a rebound.
1:00 of 1st overtime period - Slapshot by Alexander Alexeyev.
1:00 of 1st overtime period - Shot Misses the Net.
1:02 of 1st overtime period - Snap shot by Ryan Carpenter.
1:02 of 1st overtime period - Stopped by Connor Hellebuyck with a rebound.
1:04 of 1st overtime period - Slapshot by Alexander Alexeyev.
1:04 of 1st overtime period - Deflect By Patrick Maroon.
1:04 of 1st overtime period - Shot Misses the Net.
1:04 of 1st overtime period - Puck is out of play.
1:05 of 1st overtime period - Robert Thomas wins face-off versus Thomas Novak in St.Louis Blues zone.
1:14 of 1st overtime period - Tage Thompson is hit by Alexander Alexeyev and loses puck.
1:37 of 1st overtime period - Snap shot by Alex Newhook.
1:37 of 1st overtime period - Shot Misses the Net.
1:51 of 1st overtime period - Slapshot by Jack Eichel.
1:51 of 1st overtime period - Shot Misses the Net.
1:53 of 1st overtime period - Slapshot by Jake Guentzel.
1:53 of 1st overtime period - Goal by Jake Guentzel - Nashville Predators : 3 - St.Louis Blues : 4.
Goals for this period are 0 for Nashville Predators vs 1 for St.Louis Blues.
Shots for this period are 5 for Nashville Predators vs 1 for St.Louis Blues.
Back to the Top